 Dungeon Crawl Stone Soup version 0.23.2 (webtiles) character file.

Game seed: 8245195687275087462

28197 night the Geomancer (level 13, -3/75 HPs)
             Began as a Gargoyle Earth Elementalist on Apr 3, 2019.
             Was a High Priest of Vehumet.
             Killed from afar by a manticore (16 damage)
             ... with a volley of spikes
             ... on level 13 of the Dungeon.
             The game lasted 01:34:55 (19791 turns).

night the Geomancer (Gargoyle Earth Elementalist)  Turns: 19791, Time: 01:34:55

Health: -3/75      AC: 15    Str: 12    XL:     13   Next: 37%
Magic:  1/45       EV: 12    Int: 21    God:    Vehumet [*****.]
Gold:   838        SH:  4    Dex: 10    Spells: 9/33 levels left

rFire    . . .     SeeInvis .   a - +2 whip (flame)
rCold    . . .     Gourm    .   (no shield)
rNeg     + . .     Faith    .   c - +0 robe
rPois    ∞         Spirit   .   U - +0 helmet
rElec    +         Reflect  +   (no cloak)
rCorr    .         Harm     .   f - +0 pair of gloves
MR       .....                  y - +1 pair of boots
Stlth    ++........             Y - +4 amulet of reflection
HPRegen  0.22/turn              j - ring of magical power
MPRegen  0.29/turn              n - ring of magical power

@: about to teleport, barbed spikes
A: negative energy resistance 1, electricity resistance, unbreathing,
petrification resistance, rot immunity, AC +9
a: Renounce Religion


You were on level 13 of the Dungeon.
You worshipped Vehumet.
Vehumet was extremely pleased with you.
You were near starving.

You visited 3 branches of the dungeon, and saw 18 of its levels.

You collected 838 gold pieces.

Inventory:

Hand Weapons
 a - a +2 whip of flaming (weapon)
 b - a +0 shortbow of freezing
 q - a +0 dagger
 A - a +0 whip of electrocution
Missiles
 e - 341 arrows
 p - 6 javelins
 v - 87 sling bullets
 x - 57 bolts
 E - 26 tomahawks
 F - 215 stones (quivered)
Armour
 c - a +0 robe (worn)
 f - a +0 pair of gloves (worn)
 y - a +1 pair of boots (worn)
 U - a +0 helmet (worn)
Magical Staves
 G - an uncursed staff of power
 N - an uncursed staff of fire
Jewellery
 i - an uncursed amulet of rage
 j - a ring of magical power (left hand)
 n - a ring of magical power (right hand)
 K - a +3 ring of dexterity
 Q - an uncursed ring of resist corrosion
 V - an uncursed ring of protection from cold
 W - an uncursed amulet of faith
 X - an uncursed ring of flight
 Y - a +4 amulet of reflection (around neck)
Wands
 l - a wand of polymorph (12)
 t - a wand of random effects (19)
 w - a wand of disintegration (18)
 C - a wand of iceblast (19)
 O - a wand of flame (22)
 R - a wand of enslavement (8)
Scrolls
 h - 3 scrolls of identify
 k - 6 scrolls of teleportation
 o - 6 scrolls of remove curse
 r - a scroll of fog
 H - a scroll of fear
 P - a scroll of torment
Potions
 g - 2 potions of brilliance {unknown}
 m - 2 potions of might
 s - 9 potions of curing
 u - a potion of resistance {unknown}
 z - 3 potions of haste
 D - 3 potions of lignification
 I - 4 potions of heal wounds
 J - a potion of ambrosia {unknown}
 L - 3 potions of agility
 S - a potion of invisibility {unknown}
 T - a potion of magic {unknown}
Miscellaneous
 B - a phial of floods
 M - a lamp of fire (inert)
Comestibles
 d - 20 rations
 Z - a chunk of flesh


   Skills:
 - Level 6.5 Fighting
 + Level 9.9 Maces & Flails
 - Level 1.5 Dodging
 - Level 2.1 Stealth
 + Level 10.9 Spellcasting
 * Level 9.6 Conjurations
 - Level 0.7 Transmutations
 + Level 4.6 Fire Magic
 - Level 13.8 Earth Magic


You had 9 spell levels left.
You knew the following spells:

 Your Spells              Type           Power        Failure   Level  Hunger
a - Sandblast             Erth           ######       0%          1    None
b - Stone Arrow           Conj/Erth      ######       1%          3    None
c - Lee's Rapid Deconstr  Erth           ######....   1%          5    ####...
d - Conjure Flame         Conj/Fire      #####...     1%          3    None
e - Mephitic Cloud        Conj/Pois/Air  ####....     1%          3    None
f - Ignite Poison         Fire/Tmut/Pois ###.....     2%          3    None
g - Iron Shot             Conj/Erth      ######....   2%          6    ######.

Your spell library contained the following spells:

 Spells                   Type           Power        Failure   Level  Hunger
 Magic Dart               Conj           ####         1%          1    None
 Passwall                 Tmut/Erth      #####...     1%          2    None
 Fireball                 Conj/Fire      #####.....   2%          5    ####...
 Petrify                  Tmut/Erth      #####...     3%          4    ##.....
 Blink                    Tloc           N/A          9%          2    None
 Call Imp                 Summ           ##......     9%          2    None
 Slow                     Hex            ##......     9%          2    None
 Bolt of Fire             Conj/Fire      #####.....   13%         6    ######.
 Bolt of Cold             Conj/Ice       ####......   30%         6    ######.
 Metabolic Englaciation   Hex/Ice        ##........   86%         5    ####...
 Ozocubu's Refrigeration  Ice            ##........   89%         6    ######.
 Ring of Flames           Chrm/Fire      ###.......   100%        7    #######
 Ignition                 Fire           ####......   100%        8    #######


Dungeon Overview and Level Annotations

Branches:
Dungeon (13/15)            Temple (1/1) D:6            Lair (4/6) D:10
 Shoals (0/4) Lair:4        Snake (0/4) Lair:2
    Orc: D:9-12      Vaults: D:13-14

Altars:
Ashenzari
Cheibriados
Dithmenos
Elyvilon
Fedhas
Gozag
Hepliaklqana
Kikubaaqudgha
Makhleb
Nemelex Xobeh
Okawaru
Qazlal
Ru
Sif Muna
Trog
Uskayaw
Vehumet
Wu Jian
Xom
Yredelemnul
Zin
The Shining One

Annotations:
D:8 3 runed translucent doors, dhn's ghost, novice MiFi
Lair:1 exclusion: oklob plant


Innate Abilities, Weirdness & Mutations

You are resistant to torment.
Your stone body is resilient. (AC +9)
You are immune to poison.
You resist negative energy. (rN+)
You are resistant to electric shocks. (rElec)
You can survive without breathing.
You are immune to petrification.
You are immune to rotting.


Message History

Evoke which item? (* to show all) (? for menu, Esc to quit)
Aiming: Disintegrate
Press: ? - help, Shift-Dir - straight line, f - manticore
Aim: a manticore (chance to defeat MR: 48%)
The manticore resists with some effort.
You hear a shout!
A centaur warrior comes into view.
The manticore flicks its tail.
The volley of spikes hits you!
The barbed spikes become lodged in your body.
* * * LOW HITPOINT WARNING * * *
As you read the scroll of teleportation, it crumbles to dust.
You feel strangely unstable.
The centaur warrior wields a +0 shortbow.
The centaur warrior shoots an arrow.
The arrow hits you!
* * * LOW HITPOINT WARNING * * *
The manticore flicks its tail.
The volley of spikes hits you!
The barbed spikes become lodged in your body.
You die...

#........
##.......#
........#
#.......###
#..........
#..........
#..........
#..@.......
#..........
#..........
#..........
c..........
###......H..
#...######
#...#


You could see a centaur warrior and a manticore.

Vanquished Creatures
  Snorg (D:10)
  Fannar (D:12)
  3 hydras
  2 two-headed ogres
  6 death yaks
  2 ugly things (D:11)
  2 cyclopes
  2 black mambas
  A torpor snail (Lair:2)
  6 spiny frogs
  A gargoyle (D:10)
  3 rime drakes
  6 komodo dragons
  A polar bear (Lair:3)
  2 hornets (D:8)
  4 hippogriffs
  A shadow (D:11)
  18 yaks
  2 wyverns (Lair:4)
  Sigmund (D:3)
  A hungry ghost (D:10)
  5 nagas (Lair:2)
  A soldier ant (D:8)
  7 water moccasins
  10 porcupines
  4 ice beasts
  2 orc warriors
  3 phantoms
  5 ogres
  6 wolves
  5 centaurs
  3 crocodiles
  2 big kobolds
  11 bullfrogs
  A water moccasin zombie (D:8)
  3 scorpions
  16 killer bees
  4 wights (D:11)
  4 howler monkeys
  2 electric eels (Lair:1)
  4 crimson imps
  7 orc wizards
  2 centaur skeletons
  5 orc priests
  4 hounds
  4 iguanas
  A jelly (D:9)
  A bullfrog skeleton (D:10)
  Natasha (thrice) (D:2)
  5 worker ants
  A worker ant zombie (D:8)
  Robin (D:4)
  9 adders
  A river rat (D:5)
  3 shadow imps
  2 adder skeletons
  5 worms
  4 dart slugs
  6 leopard geckos
  36 orcs
  4 ball pythons
  4 bats
  3 giant cockroaches
  17 goblins
  13 hobgoblins
  5 jackals
  4 quokkas
  5 frilled lizards
  18 kobolds
  A quokka skeleton (D:4)
  A quokka zombie (D:7)
  6 rats
345 creatures vanquished.

Vanquished Creatures (others)
  A fungus (Lair:3)
  3 plants
4 creatures vanquished.

Grand Total: 349 creatures vanquished

Notes
Turn   | Place    | Note
-------+----------+-------------------------------------------
     0 | D:1      | night the Gargoyle Earth Elementalist began the quest for
                  | the Orb.
     0 | D:1      | Reached XP level 1. HP: 10/10 MP: 3/3
   453 | D:1      | Reached skill level 4 in Earth Magic
   453 | D:1      | Reached XP level 2. HP: 15/15 MP: 5/5
  1099 | D:2      | Noticed Natasha
  1243 | D:2      | Killed Natasha
  1243 | D:2      | Reached XP level 3. HP: 14/19 MP: 7/7
  1248 | D:2      | Noticed Natasha
  1250 | D:2      | Killed Natasha
  1250 | D:2      | Reached skill level 5 in Earth Magic
  1250 | D:2      | Reached XP level 4. HP: 24/24 MP: 8/8
  1345 | D:2      | Learned a level 3 spell: Stone Arrow
  1504 | D:2      | Noticed Natasha
  1543 | D:2      | Killed Natasha
  1632 | D:2      | Reached skill level 1 in Conjurations
  1632 | D:2      | Reached XP level 5. HP: 28/28 MP: 9/9
  1894 | D:2      | Learned a level 5 spell: Lee's Rapid Deconstruction
  2615 | D:3      | Noticed Sigmund
  2735 | D:3      | Killed Sigmund
  2735 | D:3      | Reached skill level 6 in Earth Magic
  2735 | D:3      | Reached XP level 6. HP: 26/32 MP: 7/11
  3396 | D:3      | Found an opulent altar of Gozag.
  3539 | D:4      | Noticed Robin
  3558 | D:4      | Killed Robin
  3743 | D:4      | Reached skill level 7 in Earth Magic
  3752 | D:4      | Reached XP level 7. HP: 33/36 MP: 11/13
  4304 | D:4      | Found a bloodstained altar of Trog.
  4613 | D:4      | Reached skill level 8 in Earth Magic
  4874 | D:4      | Reached XP level 8. HP: 41/41 MP: 14/14
  5131 | D:5      | Entered Level 5 of the Dungeon
  5224 | D:5      | Found an opulent altar of Gozag.
  5423 | D:5      | You fall through a shaft!
  5741 | D:6      | Found a staircase to the Ecumenical Temple.
  5982 | Temple   | Entered the Ecumenical Temple
  5989 | Temple   | Became a worshipper of Vehumet
  6076 | D:6      | Found a hazy altar of Hepliaklqana.
  6086 | D:6      | Reached skill level 9 in Earth Magic
  6089 | D:6      | Reached skill level 5 in Spellcasting
  6216 | D:6      | Reached skill level 5 in Conjurations
  6782 | D:5      | Reached skill level 10 in Earth Magic
  7309 | D:7      | Reached XP level 9. HP: 45/45 MP: 17/17
  7327 | D:7      | Found a hide-covered altar of Uskayaw.
  7477 | D:7      | Reached skill level 1 in Fighting
  7477 | D:7      | Reached skill level 1 in Maces & Flails
  7487 | D:7      | Reached * piety under Vehumet
  7487 | D:7      | Offered knowledge of Shock by Vehumet.
  7722 | D:7      | Found an iron altar of Okawaru.
  7975 | D:7      | Found a sacrificial altar of Ru.
  9041 | D:8      | Noticed a hornet
  9047 | D:8      | Killed a hornet
  9047 | D:8      | Killed a hornet
  9050 | D:8      | Reached XP level 10. HP: 17/56 MP: 18/19
  9353 | D:8      | Reached skill level 11 in Earth Magic
  9435 | D:8      | Found a stormy altar of Qazlal.
  9773 | D:8      | Found a runed translucent gate.
  9773 | D:8      | Found a runed translucent gate.
  9773 | D:8      | Found a runed translucent gate.
  9773 | D:8      | Found an opulent altar of Gozag.
  9773 | D:8      | Noticed dhn's ghost (novice MiFi)
  9919 | D:9      | Offered knowledge of Freeze by Vehumet.
  9929 | D:9      | Reached ** piety under Vehumet
 10081 | D:9      | Found a blossoming altar of Fedhas.
 10117 | D:9      | Found a basalt altar of Yredelemnul.
 10748 | D:10     | Entered Level 10 of the Dungeon
 10782 | D:10     | Noticed Snorg
 10832 | D:10     | Noticed a gargoyle
 10834 | D:10     | Killed a gargoyle
 11274 | D:10     | Reached skill level 5 in Fighting
 11280 | D:10     | Offered knowledge of Dazzling Spray by Vehumet.
 11499 | D:10     | Killed Snorg
 11499 | D:10     | Reached skill level 5 in Maces & Flails
 11499 | D:10     | Reached XP level 11. HP: 57/64 MP: 15/22
 11821 | D:10     | Found a staircase to the Lair.
 11839 | Lair:1   | Entered Level 1 of the Lair of Beasts
 12075 | Lair:1   | Reached skill level 12 in Earth Magic
 12282 | Lair:1   | Noticed an oklob plant
 12848 | Lair:1   | Learned a level 3 spell: Conjure Flame
 12852 | Lair:1   | Learned a level 3 spell: Mephitic Cloud
 13229 | Lair:2   | Noticed a seven-headed hydra
 13237 | Lair:2   | Killed a seven-headed hydra
 13611 | Lair:2   | Reached *** piety under Vehumet
 14607 | Lair:2   | Found a staircase to the Snake Pit.
 14831 | Lair:3   | Noticed a death yak
 14848 | Lair:3   | Noticed a death yak
 15014 | Lair:3   | Noticed a five-headed hydra
 15068 | Lair:3   | Noticed a death yak
 15071 | Lair:3   | Noticed a death yak
 15071 | Lair:3   | Noticed a death yak
 15071 | Lair:3   | Noticed a death yak
 15078 | Lair:3   | Killed a death yak
 15100 | Lair:2   | Killed a death yak
 15100 | Lair:2   | Offered knowledge of Fulminant Prism by Vehumet.
 15100 | Lair:2   | Reached XP level 12. HP: 60/71 MP: 22/25
 15204 | Lair:2   | Killed a death yak
 15204 | Lair:2   | Reached skill level 13 in Earth Magic
 15332 | Lair:2   | Killed a death yak
 15812 | Lair:3   | Killed a death yak
 15816 | Lair:3   | Killed a death yak
 15917 | Lair:3   | Killed a five-headed hydra
 16132 | Lair:3   | Noticed a seven-headed hydra
 16461 | Lair:2   | Killed a seven-headed hydra
 16717 | Lair:3   | Identified Sif Muna's Grimoire of the Glacier
 16738 | Lair:3   | Got a scorched quarterstaff
 16739 | Lair:3   | Identified the +0 quarterstaff "Limun" {protect, Dex+4}
                  | (You found it on level 3 of the Lair of Beasts)
 16936 | Lair:3   | Reached skill level 10 in Spellcasting
 17289 | Lair:3   | Learned a level 3 spell: Ignite Poison
 17500 | Lair:4   | Found a staircase to the Shoals.
 17504 | Lair:4   | Reached skill level 1 in Fire Magic
 17734 | Lair:4   | Reached **** piety under Vehumet
 18166 | Lair:4   | Offered knowledge of Inner Flame by Vehumet.
 18166 | Lair:4   | Reached XP level 13. HP: 45/75 MP: 27/27
 19420 | D:11     | Reached ***** piety under Vehumet
 19636 | D:11     | Offered knowledge of Iron Shot by Vehumet.
 19644 | D:11     | Learned a level 6 spell: Iron Shot
 19748 | D:11     | You fall through a shaft!
 19749 | D:12     | Noticed Fannar
 19786 | D:12     | Killed Fannar
 19791 | D:13     | Killed from afar by a manticore

Skill      XL: |  1  2  3  4  5  6  7  8  9 10 11 12 13 |
---------------+----------------------------------------+-----
Earth Magic    | 4 5 6 7 8 10 11 12 13 | 13.8
Spellcasting   | 3 4 5 6 7 9 10 | 10.9
Conjurations   | 1 2 3 4 5 6 8 9 |  9.6
Fighting       | 3 5 6 |  6.5
Maces & Flails | 3 5 7 9 |  9.9
Fire Magic     | 2 4 |  4.6
Dodging        | |  1.5
Stealth        | |  2.1
Transmutations | |  0.7

Action                   |  1- 3 |  4- 6 |  7- 9 | 10-12 | 13-15 || total
-------------------------+-------+-------+-------+-------+-------++-------
Melee: Dagger            |    50 |   125 |       |       |       ||   175
       Unarmed           |       |     5 |       |       |       ||     5
       Whip              |       |   102 |   158 |   152 |     6 ||   418
 Fire: Shortbow          |       |       |       |     9 |       ||     9
Throw: Javelin           |       |       |     4 |       |       ||     4
 Cast: Sandblast         |    17 |    10 |    28 |    22 |     1 ||    78
       Stone Arrow       |       |    10 |    63 |   231 |    61 ||   365
       Lee's Rapid Decon |       |     2 |    15 |    14 |     7 ||    38
       Conjure Flame     |       |       |       |     8 |     2 ||    10
       Mephitic Cloud    |       |       |       |     3 |    19 ||    22
       Ignite Poison     |       |       |       |     1 |     7 ||     8
       Iron Shot         |       |       |       |       |     1 ||     1
Evoke: Wand              |       |       |       |       |     2 ||     2
       Lamp of fire      |       |       |       |       |     1 ||     1
  Use: Potion            |       |     1 |       |       |       ||     1
       Scroll            |       |       |     5 |    17 |     2 ||    24
 Stab: Sleeping          |     2 |     3 |     1 |     1 |       ||     7
       Confused          |       |     1 |       |     3 |     1 ||     5
       Distracted        |       |       |       |     1 |       ||     1
  Eat: Chunk             |     1 |    10 |    15 |    22 |     5 ||    53
       Ration            |       |       |     3 |     3 |       ||     6
Armor: Robe              |    10 |   102 |    73 |    96 |    17 ||   298
       Skin              |       |     1 |       |       |       ||     1
Dodge: Dodged            |    39 |   190 |   125 |   127 |    23 ||   504
Block: Other             |       |       |       |     3 |     7 ||    10
       Reflection        |       |       |       |       |     1 ||     1
